 Dungeon Crawl Stone Soup version 0.22.0-6-g71bd7aa (webtiles) character file.

274 ventricule the Skirmisher (level 6, 0/66 HPs)
             Began as an Ogre Chaos Knight on Aug 15, 2018.
             Slain by a kobold
             ... wielding a +2 short sword of pain
              (5 damage)
             ... while paralysed by a big kobold
             ... on level 3 of the Dungeon.
             The game lasted 00:07:37 (2841 turns).

ventricule the Skirmisher (Ogre Chaos Knight)       Turns: 2841, Time: 00:07:48

Health: 0/66       AC:  5    Str: 22    XL:     6   Next: 24%
Magic:  6/6        EV:  1    Int: 15    God:    Xom [......]
Gold:   123        SH:  0    Dex:  8    Spells: 5/5 levels left

rFire    . . .     SeeInvis +   a - +1 mace (chaos)
rCold    . . .     Gourm    .   (no shield)
rNeg     . . .     Faith    .   b - +2 robe
rPois    .         Spirit   .   (helmet restricted)
rElec    .         Reflect  .   (no cloak)
rCorr    .         Harm     .   (gloves unavailable)
MR       .....                  (boots unavailable)
Stlth    +.........             (no amulet)
HPRegen  0.21/turn              c - +5 ring of strength
MPRegen  0.10/turn              S - ring of see invisible

@: paralysed, lethally poisoned (0 -> -2), heavily drained
A: large, unfitting armour, tough skin 1
a: Renounce Religion


You were on level 3 of the Dungeon.
You worshipped Xom.
You were a very special plaything of Xom.
You were very hungry.

You visited 1 branch of the dungeon, and saw 4 of its levels.

You collected 123 gold pieces.

Inventory:

Hand Weapons
 a - a +1 mace of chaos (weapon)
Missiles
 f - 8 needles of sleeping
 g - 5 large rocks {!d}
 m - 18 poisoned needles
 n - 6 tomahawks
 Q - 169 stones (quivered)
Armour
 b - a +2 robe (worn)
Magical Staves
 j - an uncursed staff of poison {unknown}
Jewellery
 c - a +5 ring of strength (left hand)
 l - an uncursed ring of fire {rF+, rC-}
 S - a ring of see invisible (right hand)
Wands
 D - a wand of digging (12)
Scrolls
 i - a scroll of identify
 k - a scroll of amnesia {unknown}
Potions
 d - a potion of mutation {!q}
 h - a potion of curing {unknown}
Comestibles
 e - 7 rations


   Skills:
 - Level 5.3(2.8) Fighting
 + Level 4.6(2.2) Maces & Flails
 - Level 1.9(0.0) Throwing
 - Level 3.1(0.8) Dodging


You had 5 spell levels left.
You didn't know any spells.
Your spell library was empty.

Dungeon Overview and Level Annotations

Branches:
Dungeon (4/15)
 Temple: D:4-7

Altars:
Ashenzari
Makhleb
Sif Muna
Trog
Vehumet
Yredelemnul

Annotations:
D:3 Ijustatesigmund's ghost, amateur HOFi


Innate Abilities, Weirdness & Mutations

You are too large for most types of armour.
You have tough skin. (AC +1)


Message History

* * * LOW HITPOINT WARNING * * *
Ijustatesigmund's ghost hits you!
* * * LOW HITPOINT WARNING * * *
Ijustatesigmund's ghost freezes you.
* * * LOW HITPOINT WARNING * * *
You feel sick.
Ijustatesigmund's ghost whispers, "You will understand me better in a moment."
Ijustatesigmund's ghost hits you but does no damage.
The kobold hits you but does no damage.
You writhe in agony.
* * * LOW HITPOINT WARNING * * *
The kobold hits you but does no damage.
The big kobold zaps a wand.
You resist with some effort. Ijustatesigmund's ghost hits you!
* * * LOW HITPOINT WARNING * * *
Ijustatesigmund's ghost freezes you.
* * * LOW HITPOINT WARNING * * *
You feel sick.
The kobold hits you with a short sword of pain.
You die...
Xom is highly amused!

#.#
#######.##########
#.........).......
#.........########
#.((.<....# #.K##
#.(....[..# #.##.
#K........# #.#K.
#KK.......# ##.'.#
#@WK......# #..K.W
#.K.......###.KK.#
#...........#..#))
#.##..#.###K.K.##.
#.##..#.# ###...##
#.##..#.# #.....
#.##..#.# ######
#.##..#.#
#.##..#.#


You could see 2 big kobolds, Ijustatesigmund's ghost and 3 kobolds.

Vault maps used:
D:1:      matt_arrival_diagonals
D:2:      ashenzari_altar_1
D:3:      yredelemnul_altar_generic, gammafunk_ghost_nasty_kobolds,
          small_statue_intersection
D:4:      chequers_temple_overflow_statue_of_worship, corexii_leaking_fountain,
          grunt_dithmenos_shadows, uniq_crazy_yiuf_cottage

Notes
Turn   | Place    | Note
-------+----------+-------------------------------------------
     0 | D:1      | ventricule the Ogre Chaos Knight began the quest for the Orb.
     0 | D:1      | Reached XP level 1. HP: 24/24 MP: 1/1
    36 | D:1      | XOM: silly message
    58 | D:1      | Identified a +0 mace of chaos
   221 | D:1      | XOM: divination: detect creatures
   241 | D:1      | Reached skill level 3 in Maces & Flails
   255 | D:1      | XOM: divination: detect creatures
   258 | D:1      | Reached XP level 2. HP: 28/32 MP: 2/2
   266 | D:1      | XOM: silly message
   293 | D:1      | XOM: divination: detect creatures
   551 | D:1      | XOM: potion effect (berserk rage)
   764 | D:1      | Identified a ring of fire (You found it on level 1 of the Dungeon)
   799 | D:1      | XOM: harmless Pois miscast
   828 | D:2      | Reached XP level 3. HP: 31/39 MP: 3/3
   832 | D:2      | Identified a ring of strength (You found it on level 2 of the Dungeon)
   851 | D:2      | XOM: 1-stop teleportation journey
   857 | D:2      | Identified a scroll of enchant weapon
  1016 | D:2      | Reached skill level 4 in Maces & Flails
  1050 | D:2      | Found a shattered altar of Ashenzari.
  1284 | D:3      | XOM: noise
  1529 | D:3      | XOM: 2-stop teleportation journey
  1534 | D:3      | XOM: potion effect (heal wounds)
  1536 | D:3      | XOM: blink monster(s)
  1541 | D:3      | Reached XP level 4. HP: 19/49 MP: 4/4
  1740 | D:3      | Identified a scroll of fog
  1741 | D:3      | Identified a scroll of enchant armour
  1742 | D:3      | Identified a scroll of identify
  1742 | D:3      | Identified a potion of lignification
  1743 | D:3      | Identified a scroll of teleportation
  1747 | D:3      | Found a basalt altar of Yredelemnul.
  1762 | D:3      | XOM: mild Summ miscast
  1769 | D:3      | XOM: mild Chrm miscast
  1833 | D:3      | XOM: medium Air miscast
  1887 | D:3      | Reached XP level 5. HP: 24/55 MP: 5/5
  1892 | D:4      | Found a deep blue altar of Sif Muna.
  1892 | D:4      | Found a burning altar of Makhleb.
  1892 | D:4      | Found a bloodstained altar of Trog.
  1892 | D:4      | Found a radiant altar of Vehumet.
  1915 | D:4      | XOM: 2-stop teleportation journey
  1921 | D:4      | HP: 11/55 [dart slug/slug dart (6)]
  1922 | D:4      | XOM: confusion (+ monsters)
  1930 | D:4      | HP: 11/55 [hound (2)]
  1932 | D:4      | Identified a potion of haste
  1935 | D:3      | Identified a potion of flight
  1936 | D:3      | Identified a potion of might
  1939 | D:3      | Reached skill level 1 in Throwing
  1939 | D:3      | HP: 7/55 [orc/enchanted trident (3)]
  1940 | D:3      | XOM: 8-stop teleportation journey
  2257 | D:3      | Identified a ring of see invisible (You found it on level 3 of the Dungeon)
  2332 | D:3      | XOM: smoke on damage
  2335 | D:3      | Reached skill level 5 in Fighting
  2335 | D:3      | Reached skill level 3 in Dodging
  2350 | D:3      | Reached XP level 6. HP: 41/66 MP: 6/6
  2522 | D:3      | Found a runed gate.
  2523 | D:3      | Noticed Ijustatesigmund's ghost (amateur HOFi)
  2524 | D:3      | Found a runed gate.
  2524 | D:3      | Found a runed gate.
  2529 | D:3      | Identified a potion of mutation
  2530 | D:3      | Identified a scroll of remove curse
  2557 | D:3      | XOM: medium Pois miscast
  2809 | D:3      | XOM: confusion (+ monsters)
  2813 | D:3      | Paralysed by a big kobold for 3 turns
  2826 | D:3      | XOM: repel stairs
  2837 | D:3      | Paralysed by a big kobold for 6 turns
  2840 | D:3      | HP: 7/66 [Ijustatesigmund's ghost (10)]
  2841 | D:3      | Identified a +2 short sword of pain
  2841 | D:3      | Slain by a kobold

Table legend:
 A = Turns spent in this place as a percentage of turns spent in the entire game.
 B = Non-inter-level travel turns spent in this place as a percentage of non-inter-level travel turns spent in the entire game.
 C = Inter-level travel turns spent in this place as a percentage of turns spent in this place.
 D = Turns resting spent in this place as a percentage of non-inter-level travel turns spent in this place.
 E = Turns spent auto-exploring this place as a percentage of non-inter-level travel turns spent in this place.
 F = Non-inter-level travel turns spent in this place divided by the number of levels of this place that you've seen.
                   A       B       C       D       E      F
               +-------+-------+-------+-------+-------+----------------------
         Total | 100.0 | 100.0 |   6.6 |  29.9 |  48.5 | 663.2
       Dungeon | 100.0 | 100.0 |   6.6 |  29.9 |  48.5 | 663.2
               +-------+-------+-------+-------+-------+----------------------

Table legend:
 A = Kills in this place as a percentage of kills in entire the game.
 B = Kills by you in this place as a percentage of kills by you in the entire game.
 C = Kills by friends in this place as a percentage of kills by friends in the entire game.
 D = Other kills in this place as a percentage of other kills in the entire game.
 E = Experience gained in this place as a percentage of experience gained in the entire game.
 F = Experience gained in this place divided by the number of levels of this place that you have seen.
                   A       B       C       D       E      F
               +-------+-------+-------+-------+-------+----------------------
         Total | 100.0 | 100.0 |   N/A | 100.0 | 100.0 |  98.0
       Dungeon | 100.0 | 100.0 |   N/A | 100.0 | 100.0 |  98.0
               +-------+-------+-------+-------+-------+----------------------

Skill      XL: |  1  2  3  4  5 |
---------------+----------------+-----
Maces & Flails | 3 4 |  4.6
Throwing       | 1 |  1.9
Fighting       | 5 |  5.3
Dodging        | 3 |  3.1

Action                   |  1- 3 |  4- 6 || total
-------------------------+-------+-------++-------
Melee: Mace              |   114 |    87 ||   201
  Use: Scroll            |     1 |     6 ||     7
       Potion            |       |     4 ||     4
 Stab: Confused          |     1 |       ||     1
  Eat: Chunk             |     2 |     3 ||     5
Armor: Robe              |    72 |    53 ||   125
       Skin              |       |    27 ||    27
Dodge: Dodged            |    88 |    77 ||   165

Vanquished Creatures
  3 orc priests (D:3)
  2 hounds (D:3)
  An orc wizard (D:3)
  3 adders (D:3)
  A worm (D:3)
  3 dart slugs
  3 leopard geckos
  4 orcs
  A ball python (D:2)
  3 giant cockroaches
  7 goblins
  2 hobgoblins
  9 kobolds
  4 quokkas
  13 bats
  A frilled lizard (D:1)
  4 rats
64 creatures vanquished.

Vanquished Creatures (others)
  4 plants (D:3)
4 creatures vanquished.

Grand Total: 68 creatures vanquished
